Map: [ESL] Oceanborn

Players

SKillous - Winner!

  • Race: Protoss Protoss
  • Spawn Location: 11:00

DRG

  • Race: Zerg Zerg
  • Spawn Location: 5:00

Event: ESL SC2 Masters 2023 Winter (Finals)

VOD

Have the link to the VOD?

Description

Time

  • Played on: Dec. 15, 2023, 10:37 a.m.
  • Length: 10:41

All games in this series

Show
View Real Time Build Order
Export as new Build Order

SKillous Protoss - Winner!

Build Orders: 1 Gate Expand, Oracle Opening, Phoenix Opening, Archon Immortal 

Get SALT Encoding   

  12  0:00  Probe  
  13  0:13  Pylon  
  13  0:17  Probe (Chrono Boost)  
  14  0:27  Probe (Chrono Boost)  
  15  0:32  Probe (Chrono Boost)  
  16  0:39  Gateway  
  16  0:44  Probe  
  16  0:47  Assimilator  
  17  0:56  Probe  
  18  1:08  Probe  
  19  1:20  Probe  
  20  1:28  Nexus  
  20  1:36  Cybernetics Core  
  21  1:40  Probe  
  21  1:45  Assimilator  
  21  1:52  Probe  
  22  1:54  Pylon  
  22  2:04  Probe  
  23  2:10  Adept (Chrono Boost)  
  25  2:16  Probe  
  25  2:18  Stargate  
  26  2:28  Probe (Chrono Boost)  
  27  2:33  Adept  
  29  2:39  Warp Gate  
  29  2:40  Probe (Chrono Boost)  
  31  2:46  Probe (Chrono Boost)  
  31  2:49  Probe (Chrono Boost)  
  32  2:53  Probe (Chrono Boost)  
  32  2:54  Probe (Chrono Boost)  
  34  3:01  Phoenix (Chrono Boost)  
  34  3:03  Zealot  
  34  3:04  Probe  
  39  3:06  Probe  
  39  3:08  Pylon  
  40  3:16  Probe  
  40  3:18  Probe  
  40  3:19  Gateway  
  42  3:22  Oracle (Chrono Boost)  
  45  3:28  Probe  
  45  3:30  Probe  
  47  3:41  Probe  
  48  3:42  Pylon, Probe  
  49  3:49  Oracle (Chrono Boost)  
  49  3:53  Probe  
  49  3:54  Probe  
  54  4:00  Nexus  
  54  4:05  Probe  
  54  4:06  Probe  
  56  4:17  Pylon, Probe  
  56  4:18  Assimilator  
  56  4:20  Assimilator  
  56  4:21  Oracle  
  56  4:23  Probe  
  61  4:29  Probe  
  62  4:35  Probe  
  62  4:37  Twilight Council  
  62  4:38  Forge  
  63  4:40  Shield Battery  
  63  4:41  Probe  
  63  4:42  Pylon  
  64  4:47  Probe  
  65  4:54  Probe  
  65  4:55  Adept  
  68  5:00  Probe  
  68  5:01  Charge  
  68  5:06  Probe  
  70  5:10  Gateway  
  70  5:11  Protoss Ground Weapons Level 1 (Chrono Boost)  
  70  5:12  Probe  
  70  5:13  Gateway x2  
  71  5:14  Gateway  
  71  5:15  Probe  
  71  5:19  Probe  
  72  5:24  Probe  
  72  5:27  Probe  
  74  5:29  Adept  
  74  5:31  Adept, Probe  
  73  5:36  Probe  
  73  5:41  Probe  
  75  5:43  Probe  
  75  5:48  Assimilator x2, Probe  
  77  5:52  Templar Archives  
  77  5:53  Probe  
  77  5:55  Zealot x2, Probe  
  77  5:56  Pylon  
  83  6:00  Probe  
  84  6:05  Probe  
  84  6:07  Probe  
  84  6:11  Zealot x3  
  88  6:15  Pylon  
  88  6:16  Pylon, Zealot x2  
  88  6:18  Zealot  
  98  6:23  Probe  
  97  6:28  Robotics Facility, Probe  
  97  6:30  Robotics Facility  
  97  6:39  Zealot x5  
  107  6:41  Zealot  
  107  6:44  Probe  
  107  6:45  Probe  
  107  6:46  Pylon  
  110  6:55  Pylon  
  110  7:04  Nexus  
  110  7:07  Pylon  
  108  7:08  Probe  
  108  7:12  High Templar x6  
  108  7:13  Pylon  
  108  7:15  Immortal (Chrono Boost)  
  121  7:16  Archon x3  
  121  7:18  Immortal (Chrono Boost)  
  129  7:24  Protoss Ground Weapons Level 2 (Chrono Boost)  
  129  7:30  Gateway  
  129  7:32  Probe  
  129  7:33  Gateway  
  130  7:44  Gateway, Warp Prism (Chrono Boost)  
  130  7:45  Gateway  
  130  7:50  Observer (Chrono Boost)  
  130  7:51  High Templar x2, Zealot x2  
  137  7:55  Photon Cannon  
  137  7:58  High Templar  
  143  7:59  High Templar, Archon  
  146  8:05  Probe x2  
  146  8:09  Assimilator  
  146  8:11  Pylon, Assimilator  
  146  8:12  Pylon  
  147  8:13  Archon  
  147  8:14  Pylon  
  147  8:24  Zealot x5  
  147  8:25  Probe  
  147  8:26  Probe  
  143  8:35  Zealot x3  
  143  8:40  Probe  
  131  8:46  Immortal x2 (Chrono Boost)  
  119  8:52  Zealot  
  119  8:53  Zealot x2  
  119  8:54  High Templar x2  
  125  8:56  High Templar  
  125  8:59  Archon, High Templar  
  125  9:00  Zealot  
  127  9:08  Archon  
  127  9:13  Probe  
  127  9:15  Shield Battery  
  127  9:16  Zealot  
  130  9:22  Immortal (Chrono Boost)  
  134  9:24  High Templar x4  
  134  9:25  Immortal (Chrono Boost)  
  134  9:29  Archon, Photon Cannon  
  134  9:30  Archon  
  146  9:31  Photon Cannon  
  146  9:32  Pylon  
  146  9:34  Shield Battery  
  146  9:37  Shield Battery  
  144  9:39  Zealot x3  
  144  9:41  High Templar x2  
  154  9:51  Archon, Zealot  
  154  9:55  Probe x2  
  154  9:56  Immortal  
  160  10:00  Zealot x3  
  160  10:05  High Templar x2  
  170  10:10  Shield Battery  
  170  10:12  Archon, Shield Battery  
  170  10:15  Shield Battery  
  170  10:16  Shield Battery  
  170  10:18  Zealot  
  170  10:25  Zealot x3  
  153  10:34  Zealot x4  
Show
View Real Time Build Order
Export as new Build Order

DRG Zerg 

Build Orders: Hatch First 

Get SALT Encoding   

  12  0:00  Drone  
  13  0:12  Overlord  
  13  0:16  Drone  
  14  0:30  Drone x2  
  14  0:34  Drone  
  17  0:52  Hatchery  
  17  0:54  Drone  
  17  0:57  Drone  
  18  1:06  Drone  
  18  1:09  Extractor  
  18  1:15  Spawning Pool  
  17  1:18  Drone  
  18  1:27  Drone  
  19  1:39  Drone  
  20  1:50  Drone  
  21  2:00  Overlord  
  21  2:03  Queen x2  
  21  2:04  Drone  
  26  2:11  Zergling x2  
  26  2:12  Metabolic Boost  
  26  2:14  Zergling x2  
  28  2:21  Drone  
  29  2:25  Zergling x2  
  30  2:32  Drone  
  31  2:38  Drone  
  31  2:39  Queen  
  34  2:45  Hatchery  
  34  2:49  Overlord  
  33  2:52  Drone  
  33  2:57  Overlord  
  34  2:59  Drone  
  35  3:07  Queen  
  37  3:13  Drone  
  37  3:15  Drone x3  
  37  3:17  Zergling x2  
  42  3:21  Queen  
  42  3:26  Overlord  
  44  3:30  Drone x2  
  46  3:36  Overlord  
  46  3:44  Queen  
  48  3:50  Zergling x8  
  48  3:54  Drone x4  
  56  4:02  Queen  
  58  4:05  Drone  
  58  4:07  Spore Crawler  
  58  4:08  Drone x3  
  61  4:14  Drone x2  
  61  4:17  Overlord  
  62  4:19  Overlord  
  61  4:24  Evolution Chamber  
  61  4:27  Overlord  
  61  4:30  Overlord  
  59  4:32  Overlord  
  59  4:36  Drone x3  
  62  4:40  Drone x2  
  62  4:42  Drone x2  
  66  4:49  Drone x2  
  66  4:50  Zerg Melee Weapons Level 1  
  68  4:56  Zergling x4  
  68  4:57  Zergling x2  
  68  4:58  Drone  
  68  4:59  Drone  
  73  5:01  Drone  
  73  5:05  Drone x2  
  73  5:06  Drone x2  
  78  5:09  Drone x3  
  81  5:14  Roach Warren  
  81  5:18  Lair  
  81  5:19  Drone x3  
  83  5:22  Drone x2  
  83  5:26  Drone  
  83  5:27  Drone x3  
  86  5:33  Drone x2  
  86  5:34  Drone  
  87  5:35  Drone  
  87  5:37  Extractor x2, Drone x3  
  87  5:38  Drone  
  87  5:39  Drone  
  87  5:41  Extractor x2  
  87  5:51  Zergling x10  
  87  5:54  Spore Crawler x2  
  90  5:58  Overlord  
  90  5:59  Hatchery  
  90  6:01  Overlord  
  90  6:04  Overlord  
  89  6:07  Zergling x14  
  96  6:16  Baneling Nest  
  96  6:17  Zergling x6  
  97  6:22  Drone  
  97  6:23  Zergling x4  
  97  6:24  Hydralisk Den  
  98  6:26  Zergling x2  
  98  6:28  Overlord  
  98  6:31  Roach x4  
  107  6:39  Hatchery  
  109  6:40  Roach x3  
  109  6:42  Glial Reconstitution  
  109  6:46  Roach x4  
  120  6:49  Roach  
  120  6:51  Ravager, Zerg Melee Weapons Level 2  
  123  6:58  Roach x3  
  126  7:04  Overlord  
  126  7:06  Ravager  
  126  7:11  Overlord x3  
  126  7:15  Overlord  
  126  7:18  Overlord x2  
  126  7:22  Hatchery  
  125  7:24  Roach x4  
  125  7:28  Roach x3  
  138  7:31  Overlord  
  138  7:33  Overlord  
  138  7:35  Centrifugal Hooks  
  137  7:37  Roach x3  
  143  7:46  Overlord x2  
  143  7:55  Roach x6  
  155  7:59  Ravager x2  
  156  8:09  Baneling x3  
  156  8:10  Baneling x8  
  156  8:12  Zergling x16  
  164  8:16  Zergling x6  
  167  8:22  Baneling x7  
  167  8:25  Zergling x6  
  167  8:26  Zergling x4  
  170  8:32  Roach x4  
  150  8:39  Roach x4  
  140  8:42  Roach x2  
  140  8:47  Roach x2  
  128  8:50  Roach x3  
  129  8:56  Roach x3  
  129  9:02  Roach x4  
  141  9:04  Drone x2  
  141  9:07  Extractor  
  141  9:12  Baneling x3  
  141  9:13  Zergling x10  
  141  9:16  Zergling x6  
  149  9:20  Zergling x2  
  149  9:21  Zergling x4  
  152  9:25  Zergling x8  
  156  9:33  Zergling x12  
  156  9:34  Zergling x2  
  163  9:39  Zergling x4  
  163  9:40  Baneling x8  
  163  9:41  Baneling x2  
  163  9:44  Spore Crawler  
  164  9:46  Zergling x4  
  164  9:51  Baneling x10  
  166  9:56  Zergling x8  
  170  10:00  Zergling x8  
  170  10:01  Baneling x2  
  170  10:03  Ravager  
  170  10:04  Ravager  
  176  10:08  Zergling x8  
  180  10:20  Zergling x12  
Tags
 
Add a new tag
Caveats
  • Supply blocks, unpowered buildings, or Contaminate may cause inaccurate times.
  • Supply counts are checked every 10 seconds.